 Dungeon Crawl Stone Soup version 0.31.0-11-ge490571c62 (webtiles) character file.

Game seed: 8497856587084400272

29 Chiseanne the Magician (level 3, 25/27 HPs)
             Began as a Demonspawn Wanderer on Feb 9, 2024.
             Quit the game on level 2 of the Dungeon.
             The game lasted 00:01:36 (958 turns).

Chiseanne the Magician (Demonspawn Wanderer)         Turns: 958, Time: 00:01:37

Health: 25/27      AC:  4    Str: 14    XL:     3   Next: 1%
Magic:  6/8        EV: 11    Int: 11    God:
Gold:   43         SH:  0    Dex: 13    Spells: 10/10 levels left

rFire   . . .        a - +1 hand axe
rCold   . . .        (no shield)
rNeg    . . .        c - +0 leather armour
rPois   .            (helmet restricted)
rElec   .            (no cloak)
rCorr   .            e - +0 pair of gloves
SInv    .            (no boots)
Will    .....        g - amulet of guardian spirit
Stlth   +            (no ring)
HPRegen 0.24/turn    (no ring)
MPRegen 0.11/turn

%: guardian spirit
@: no status effects
A: antennae 1, powered by death 1
a: no special abilities


You were on level 2 of the Dungeon.
You visited 1 branch of the dungeon, and saw 2 of its levels.

You collected 43 gold pieces.

Inventory:

Hand Weapons
 a - a +1 hand axe (weapon)
Missiles
 d - 13 stones (quivered)
Armour
 c - a +0 leather armour (worn)
 e - a +0 pair of gloves (worn)
Jewellery
 g - an amulet of guardian spirit (around neck)
Potions
 b - 2 potions of haste
 f - a potion of ambrosia {unknown}
 h - 2 potions of berserk rage
 j - 2 potions of lignification {unknown}


   Skills:
 * Level 1.9 Fighting
 - Level 1.0 Axes
 * Level 1.6 Armour
 * Level 1.7 Dodging
 - Level 1.0 Stealth
 - Level 4.0 Spellcasting


You had 10 spell levels left.
You didn't know any spells.
Your spell library contained the following spells:

 Spells                   Type           Power      Damage    Failure   Level
 Foxfire                  Conj/Fire      8%         2x1d4     28%         1
 Sandblast                Erth           4%         2d4       28%         1
 Summon Small Mammal      Summ           8%         N/A       28%         1
 Momentum Strike          Conj/Tloc      4%         3d8       41%         2
 Ignite Poison            Fire/Alch      2%         N/A       96%         4
 Sticky Flame             Fire/Alch      2%         2d4       96%         4
 Ignition                 Fire           1%         3d3       100%        8


Dungeon Overview and Level Annotations

Branches:
Dungeon (2/15)

Altars:
Xom


Innate Abilities, Weirdness & Mutations

You have a pair of small antennae on your head.
You regenerate a little health from kills.


Message History

You kill the rat!
You closely miss the hobgoblin. The hobgoblin hits you. x2
You hit the hobgoblin.
You kill the hobgoblin!
No target in view!
No target in view!
No target in view!
No target in view!
No target in view!
No target in view!
No target in view!
No target in view!
No target in view!
No target in view!
No target in view!
No target in view!
No target in view!
No target in view!
No target in view!
No target in view!
You see here a hobgoblin corpse.
A goblin comes into view. It is wielding a +0 dagger.
The goblin shouts!
Found 5 gold pieces.
Found a shimmering altar of Xom.
The goblin closely misses you.
You closely miss the goblin. The goblin hits you with a +0 dagger.
You hit the goblin.
The goblin is moderately wounded.
The goblin closely misses you.
You closely miss the goblin.
The goblin is moderately wounded.
The goblin barely misses you. The goblin hits you but does no damage.
You hit the goblin.
You kill the goblin!
You have reached level 3!
Your experience leads to an increase in your attributes!
Increase (s)trength, (i)ntelligence, or (d)exterity?
You feel stronger. x2; Your demonic ancestry asserts itself...
A pair of antennae grows on your head!
Are you sure you want to abandon this character and quit the game? (Confirm with "yes".)

##.#..# # $.
.....#. . .#
...... _. .. #.#.#
.#.#####...#####
...............
.#.###..#######
#..##..†.....#
#)@..######.#
............####.#
###.##..#####<...#
#. #..# ######
...># ..#...
####... #...


There were no monsters in sight!

Vanquished Creatures
  A dart slug (D:1)
  2 bats (D:1)
  3 endoplasms (D:1)
  2 hobgoblins
  3 jackals (D:1)
  2 kobolds (D:1)
  4 ball pythons (D:1)
  2 frilled lizards (D:1)
  3 goblins
  3 rats (D:2)
25 creatures vanquished.

Notes
Turn   | Place    | Note
-------+----------+-------------------------------------------
     0 | D:1      | Chiseanne the Demonspawn Wanderer began the quest for the
                  | Orb.
     0 | D:1      | Chiseanne set off with the following items: a +1 hand axe,
                  | a potion of haste, a +0 leather armour; and the following
                  | spells available to memorise: Foxfire, Sandblast, Summon
                  | Small Mammal, Momentum Strike.
     0 | D:1      | Reached XP level 1. HP: 15/15 MP: 5/5
   215 | D:1      | Gained mutation: You regenerate a little health from kills.
                  | [demonic ancestry]
   215 | D:1      | Reached XP level 2. HP: 21/21 MP: 7/7
   234 | D:1      | Found a faded altar of an unknown god.
   953 | D:2      | Found a shimmering altar of Xom.
   958 | D:2      | Gained mutation: You have a pair of small antennae on your
                  | head. [demonic ancestry]
   958 | D:2      | Reached XP level 3. HP: 25/27 MP: 6/8
   958 | D:2      | Quit the game

Illustrated notes

Levels and vault maps discovered:
D:1:      roderic_crop_circles_arrival_small, layout_loops_cross,
          ebering_ecumenical_altar_sacrificial
D:2:      layout_basic, basic_altar

Action                     || total
---------------------------++-------
  Melee: Hand axe          ||    67
    Use: Scroll            ||     2
   Stab: Sleeping          ||     2
 Armour: Leather armour    ||    31
  Dodge: Dodged            ||    47
